 Dungeon Crawl Stone Soup version 0.30.0-10-gfe55d96785 (webtiles) character file.

Game seed: 14828606539380884929

249 adizb the Trooper (level 5, -8/47 HPs)
             Began as a Demigod Fighter on May 16, 2023.
             Killed from afar by Natasha (9 damage)
             ... with a magic dart
             ... on level 2 of the Dungeon.
             The game lasted 00:05:54 (1283 turns).

adizb the Trooper (Demigod Fighter)                 Turns: 1283, Time: 00:05:54

Health: -8/47      AC:  6    Str: 21    XL:     5   Next: 56%
Magic:  7/7        EV:  9    Int: 10    God:
Gold:   171        SH:  4    Dex: 13    Spells: 4/4 levels left

rFire   . . .        a - +0 war axe
rCold   . . .        c - +0 buckler
rNeg    . . .        b - +0 scale mail
rPois   +            (no helmet)
rElec   .            (no cloak)
rCorr   .            (no gloves)
SInv    .            (no boots)
Will    .....        (no amulet) Stlth
                     f - ring of poison resistance
HPRegen 0.27/turn    (no ring)
MPRegen 0.10/turn

%: no passive effects
@: mighty, slowed, very slow
A: high MP 1, forlorn, divine attributes
a: no special abilities


You were on level 2 of the Dungeon.
You visited 1 branch of the dungeon, and saw 2 of its levels.

You collected 171 gold pieces.

Inventory:

Hand Weapons
 a - a +0 war axe (weapon)
 i - a +0 sling
Armour
 b - a +0 scale mail (worn)
 c - a +0 buckler (worn)
 e - a +0 tower shield of positive energy
Jewellery
 f - a ring of poison resistance (left hand)
Scrolls
 h - 2 scrolls of magic mapping {unknown}
 j - a scroll of blinking
Potions
 l - a potion of mutation {unknown}


   Skills:
 + Level 4.4 Fighting
 + Level 3.0 Axes
 + Level 1.7 Ranged Weapons
 + Level 3.6 Armour
 * Level 2.6 Shields


You had 4 spell levels left.
You didn't know any spells.
Your spell library contained the following spells:

 Spells                   Type           Power      Damage    Failure   Level
 Apportation              Tloc           0%         N/A       77%         1
 Necrotise                Necr           0%         1d4       77%         1
 Summon Small Mammal      Summ           0%         N/A       77%         1
 Static Discharge         Conj/Air       0%         2-2/arc   88%         2
 Airstrike                Air            0%         2d(0-16)  100%        4
 Summon Lightning Spire   Summ/Air       0%         N/A       100%        4


Dungeon Overview and Level Annotations

Branches:
Dungeon (2/15)

Annotations:
D:2 Natasha


Innate Abilities, Weirdness & Mutations

You have an increased reservoir of magic. (+10% MP)
You shall have no god before yourself.
Your divine heritage dramatically boosts your attributes as you level up.


Message History

You hit Natasha.
Natasha is severely wounded.
Natasha claws you.
The cerulean imp hits you from afar with a +1 spear.
Natasha claws you.
The cerulean imp hits you but does no damage.
You closely miss Natasha.
Natasha is severely wounded.
Natasha claws you but does no damage.
The cerulean imp hits you from afar with a +1 spear.
Natasha claws you.
The cerulean imp hits you from afar with a +1 spear.
* * * LOW HITPOINT WARNING * * *
You closely miss Natasha.
Natasha is severely wounded.
Natasha claws you.
* * * LOW HITPOINT WARNING * * *
You block the cerulean imp's attack. Natasha closely misses you.
The cerulean imp misses you.
You closely miss Natasha.
Natasha is severely wounded.
The cerulean imp disappears in a puff of smoke!
You block Natasha's attack.
Natasha stares at you and mumbles some strange words.
The magic dart hits you.
* * * LOW HITPOINT WARNING * * *
You hit Natasha.
Natasha is almost dead.
Natasha claws you.
* * * LOW HITPOINT WARNING * * *
Natasha barely misses you.
You feel very mighty all of a sudden.
Natasha mumbles some strange words.
Natasha claws you.
* * * LOW HITPOINT WARNING * * *
You barely miss Natasha.
Natasha is almost dead.
Natasha stares at you and mumbles some strange words.
The magic dart hits you!
You die...

###..#
#.#..#
..#
##[..#
#.#
#.#.#####
#.#
###.....#
#.#
#...###.#
#5# #...#
#.# #.#
###.###.#
#h#
#.....#
#@#
#.#.###
#.#
####.#.#
#.#
.....#.#
#.#
####.#.#
#.#
....?..#
#.#
####.###
#.#
####.#
#.#
.....#
#.#


You could see Natasha and a cerulean imp (summoned).

Vanquished Creatures
  Sigmund (D:2)
  Natasha (D:2)
  2 adders (D:2)
  2 worms (D:2)
  A dart slug (D:2)
  6 ball pythons
  8 endoplasms
  2 giant cockroaches
  5 goblins (D:1)
  7 hobgoblins
  A jackal (D:1)
  2 quokkas (D:2)
  2 frilled lizards (D:1)
  3 kobolds
  6 rats
49 creatures vanquished.

Notes
Turn   | Place    | Note
-------+----------+-------------------------------------------
     0 | D:1      | adizb the Demigod Fighter began the quest for the Orb.
     0 | D:1      | Reached XP level 1. HP: 18/18 MP: 3/3
    62 | D:1      | Reached skill level 3 in Fighting
    68 | D:1      | Reached XP level 2. HP: 23/26 MP: 4/4
   577 | D:2      | Reached XP level 3. HP: 31/31 MP: 5/5
   682 | D:2      | Noticed Sigmund
   699 | D:2      | Killed Sigmund
   700 | D:2      | Reached skill level 4 in Fighting
   700 | D:2      | Reached skill level 1 in Ranged Weapons
   700 | D:2      | Reached XP level 4. HP: 29/40 MP: 6/6
   700 | D:2      | Reached XP level 5. HP: 33/46 MP: 7/7
  1077 | D:2      | Noticed Natasha
  1085 | D:2      | Killed Natasha
  1264 | D:2      | Noticed Natasha
  1281 | D:2      | HP: 1/47 [Natasha (5)]
  1283 | D:2      | Killed from afar by Natasha

Illustrated notes

Levels and vault maps discovered:
D:1:      lightli_arrival_noodles, layout_rooms, serial_glass, glass_columns_a,
          glass_columns_a, glass_columns_c, minmay_gold_behind_fungi,
          minivault_11, minmay_tetromino_t4
D:2:      layout_loops_ring, basic_altar, dreamdust_ecumenical_altar_grove,
          uniq_natasha, uniq_crazy_yiuf_cottage, uniq_sigmund

Skill      XL: |  1  2  3  4  5 |
---------------+----------------+-----
Fighting       | 3 4 |  4.4
Axes           | 2 3 |  3.0
Armour         | 3 |  3.6
Ranged Weapons | 1 |  1.7
Shields        | |  2.6

Action                     |  1- 3 |  4- 6 || total
---------------------------+-------+-------++-------
  Melee: War axe           |    86 |    71 ||   157
   Fire: Sling             |    10 |    22 ||    32
    Use: Scroll            |       |     3 ||     3
         Potion            |       |     1 ||     1
 Armour: Scale mail        |    37 |    30 ||    67
  Dodge: Dodged            |    36 |    37 ||    73
  Block: Buckler           |    18 |    17 ||    35
